 Dungeon Crawl Stone Soup version 0.21-a0-64-g1c0f2e3 (webtiles) character file.

25 Manul the Magician (level 3, -1/18 HPs)
             Began as a Vine Stalker Wanderer on June 17, 2017.
             Slain by a worm (6 damage)
             ... on level 2 of the Dungeon.
             The game lasted 00:00:46 (835 turns).

Manul the Magician (Vine Stalker Wanderer)           Turns: 835, Time: 00:00:46

Health: -1/18      AC:  3    Str: 15    XL:     3   Next: 6%
Magic:  0/8        EV: 11    Int: 10    God:
Gold:   38         SH:  0    Dex: 15    Spells: 6/7 levels left

rFire    . . .     SeeInvis .   g - +1 whip (elec)
rCold    . . .     Gourm    .   (no shield)
rNeg     . . .     Faith    .   e - +0 robe
rPois    .         Spirit   +   r - +0 helmet
rElec    .         Reflect  .   (no cloak)
rCorr    .         Harm     .   (no gloves)
MR       .....                  (no boots)
Stlth    ++........             (no amulet)
HPRegen  0.06/turn              (no ring)
MPRegen  0.11/turn              (no ring)

@: no status effects
A: fangs 2, magic shield, antimagic bite, no potion heal 3, rot immunity
a: no special abilities


You were on level 2 of the Dungeon.
You were not hungry.

You visited 1 branch of the dungeon, and saw 2 of its levels.

You collected 38 gold pieces.

Inventory:

Hand Weapons
 a - a +2 hand crossbow
 g - a +1 whip of electrocution (weapon)
Missiles
 b - 29 bolts
Armour
 e - a +0 robe (worn)
 r - a +0 helmet (worn)
Scrolls
 i - 4 scrolls of identify {unknown}
 k - a scroll of random uselessness {unknown}
 l - a scroll of enchant weapon {unknown}
 m - a scroll of enchant armour {unknown}
 n - 2 scrolls of remove curse {unknown}
 o - a scroll of blinking {unknown}
Potions
 j - a potion of haste {unknown}
 q - a potion of resistance {unknown}
 t - a potion of curing {unknown}
Books
 c - Sif Muna's Collected Works on Stones

   Spells                             Type                      Level
   a - Sandblast                      Earth                        1
   b - Stone Arrow                    Conjuration/Earth            3
 d - the Handbook of Orientation

   Spells                             Type                      Level
   a - Apportation                    Translocation                1
   b - Teleport Other                 Translocation                3
Comestibles
 f - 4 bread rations
 h - a chunk of flesh
 p - a royal jelly
 s - 2 meat rations


   Skills:
 + Level 2.1 Fighting
 + Level 0.1 Maces & Flails
 + Level 1.1 Crossbows
 * Level 0.3 Stealth
   Level 1.0 Shields
 + Level 2.7 Spellcasting
 + Level 2.3 Translocations
   Level 1.0 Fire Magic
   Level 1.0 Evocations


You had 6 spell levels left.
You knew the following spells:

 Your Spells              Type           Power        Failure   Level  Hunger
a - Apportation           Tloc           #.....       11%         1    ##.....


Dungeon Overview and Level Annotations

Branches:
Dungeon (2/15)

Altars:


Innate Abilities, Weirdness & Mutations

You have extremely sharp teeth.
When hurt, damage is shared between your health and your magic reserves.
Your bite disrupts and absorbs the magic of your enemies.
Potions cannot restore your health.
You are immune to rotting.


Message History

The worm bites you!
You are too injured to fight recklessly!
You are too injured to fight recklessly!
You are too injured to fight recklessly!
You are too injured to fight recklessly!
You barely miss the worm. You bite the worm, but do no damage.
The worm is lightly wounded.
You hit the worm. Lightning courses through the worm!
The worm is almost dead.
The worm bites you.
* * * LOW HITPOINT WARNING * * *
You hit the worm but do no damage.
The worm is almost dead.
The worm barely misses you.
You barely miss the worm.
The worm is almost dead.
You hit the worm.
The worm is almost dead.
The worm bites you!
You die...

#.....>..###
#.#.........
####.#..###.##.
#.............#
#.##!.#####....
##. #..# .# ..
##...#..# .#
........##.#
##...#..@.#
##.##..#w.#
#.#.......#
#...........
###...#...###
##.###... ##
#.## .#


You could see a worm.

Vanquished Creatures
  An adder (D:2)
  An ooze (D:1)
  A worm (D:1)
  A hobgoblin (D:1)
  A kobold (D:1)
  A bat (D:1)
  5 frilled lizards (D:1)
  2 rats
13 creatures vanquished.

Notes
Turn   | Place    | Note
-------+----------+-------------------------------------------
     0 | D:1      | Manul the Vine Stalker Wanderer began the quest for the Orb.
     0 | D:1      | Manul set off with: a +2 hand crossbow, 29 bolts, Sif Muna's Collected Works on Stones, the Handbook of Orientation, a +0 robe, a bread ration
     0 | D:1      | Reached XP level 1. HP: 11/11 MP: 4/4
    10 | D:1      | Identified Sif Muna's Collected Works on Stones
    10 | D:1      | Identified the Handbook of Orientation
    12 | D:1      | Learned a level 1 spell: Apportation
   305 | D:1      | Reached XP level 2. HP: 7/15 MP: 3/6
   829 | D:2      | Reached XP level 3. HP: 13/18 MP: 5/8
   835 | D:2      | Slain by a worm

Vault maps used:
D:1:      scummos_arrival_checkerplants, supply_closet_lemuel
D:2:      gammafunk_temple_overflow_pools

Skill      XL: |  1 |
---------------+----+-----
Fighting       | 2 |  2.1
Maces & Flails | |  0.1
Crossbows      | |  1.1
Stealth        | |  0.3
Shields        | |  1.0
Spellcasting   | |  2.7
Translocations | |  2.3
Fire Magic     | |  1.0
Evocations     | |  1.0

Action                   || total
-------------------------++-------
Melee: Whip              ||    39
       Bite              ||     5
Armor: Robe              ||     1
Dodge: Dodged            ||    17
